 Dungeon Crawl Stone Soup version 0.31-a0-4-gefa6de2278 (webtiles) character file.

Game seed: 16725688775911278685

323 horus123 the Ducker (level 6, -3/44 HPs)
             Began as a Merfolk Gladiator on May 3, 2023.
             Slain by Menkaure (19 damage)
             ... on level 4 of the Dungeon.
             The game lasted 00:06:23 (2654 turns).

horus123 the Ducker (Merfolk Gladiator)             Turns: 2654, Time: 00:06:24

Health: -3/44      AC:  8    Str: 14    XL:     6   Next: 47%
Magic:  6/6        EV: 18    Int:  7    God:
Gold:   152        SH:  0    Dex: 18    Spells: 5/5 levels left

rFire   . . .        a - +0 trident
rCold   . . .        (no shield)
rNeg    + . .        e - +0 ring mail
rPois   .            c - +0 helmet
rElec   .            h - +0 cloak
rCorr   .            (no gloves)
SInv    .            (no boots)
Will    .....        (no amulet)
Stlth   +            i - +5 ring of evasion
HPRegen 0.27/turn    t - ring of positive energy
MPRegen 0.10/turn

%: no passive effects
@: no status effects
A: (nimble swimmer 2), mertail
a: no special abilities


You were on level 4 of the Dungeon.
You visited 1 branch of the dungeon, and saw 4 of its levels.

You collected 152 gold pieces.

Inventory:

Hand Weapons
 a - a +0 trident (weapon)
Missiles
 d - a throwing net (quivered)
Armour
 b - a +0 leather armour
 c - a +0 helmet (worn)
 e - a +0 ring mail (worn)
 h - a +0 cloak (worn)
 k - a +0 chain mail
Jewellery
 i - a +5 ring of evasion (left hand)
 t - a ring of positive energy (right hand)
Scrolls
 f - a scroll of teleportation
 g - a scroll of amnesia
 s - a scroll of torment {unknown}
 u - a scroll of identify
 v - a scroll of enchant weapon {unknown}
Potions
 l - a potion of attraction {unknown}
 m - 2 potions of cancellation {unknown}
 n - a potion of resistance {unknown}
 o - 2 potions of invisibility {unknown}
 p - a potion of ambrosia {unknown}
 q - a potion of lignification {unknown}
 r - a potion of might {unknown}


   Skills:
 - Level 2.1 Fighting
 - Level 5.3 Polearms
 - Level 2.0 Throwing
 + Level 3.3 Armour
 - Level 6.0 Dodging


You had 5 spell levels left.
You didn't know any spells.
Your spell library contained the following spells:

 Spells                   Type           Power      Damage    Failure   Level
 Cigotuvi's Dreadful Rot  Necr/Pois/Air  0%         N/A       80%         2
 Dispel Undead            Necr           0%         3d6       100%        4
 Death Channel            Necr           0%         N/A       100%        6


Dungeon Overview and Level Annotations

Branches:
Dungeon (4/15)
 Temple: D:4-7

Altars:

Portals:
Sewer: D:4

Annotations:
D:4 Menkaure


Innate Abilities, Weirdness & Mutations

((You are very nimble when in or above water. (Stealth+, EV+, Speed+++)))
Your lower body shifts to a powerful aquatic tail in water.


Message History

You reach to attack!
You hit Menkaure.
Menkaure is moderately damaged.
Menkaure struggles against the net.
Reach: a) +0 trident
Press: ? - help, Dir - move target, f/p - Menkaure
Aim: Menkaure (moderately damaged, fast, entangled in a net, about 6% to evade your +0 trident)
You reach to attack!
You hit Menkaure.
Menkaure is heavily damaged.
You hear the rusting of a drain.
Menkaure struggles against the net.
The net rips apart, and Menkaure comes free!
The giant cockroach waves its antennae.
Reach: a) +0 trident
Press: ? - help, Dir - move target, f/p - Menkaure
Aim: Menkaure (heavily damaged, fast, about 23% to evade your +0 trident)
You reach to attack!
You barely miss Menkaure.
Menkaure is heavily damaged.
Menkaure hits you.
Reach: a) +0 trident
Press: ? - help, Dir - move target, f/p - Menkaure
Aim: Menkaure (heavily damaged, fast, about 23% to evade your +0 trident)
You hit Menkaure.
Menkaure is heavily damaged.
The giant cockroach waves its antennae.
Menkaure hits you but does no damage.
Unknown command.
Reach: a) +0 trident
Press: ? - help, Dir - move target, f/p - Menkaure
Aim: Menkaure (heavily damaged, fast, about 23% to evade your +0 trident)
You hit Menkaure.
Menkaure is almost destroyed.
Menkaure completely misses you.
Unknown command.
Reach: a) +0 trident
Press: ? - help, Dir - move target, f/p - Menkaure
Aim: Menkaure (almost destroyed, fast, about 23% to evade your +0 trident)
You barely miss Menkaure.
Menkaure is almost destroyed.
Menkaure hits you!!
You die...

.#........##+##.......#......
..[.......#~~~#.#####.#......
..........#~~~#.....#.# ...
........#.#~∩~#......
..........#~SB#.....
.....###..#BSS#...#.#
.....'....#####......
##...#............# #..
#...)..#@#.# #. #.....##M#..
.#...).##.# ......^..)..#
................#
#+#...............
.................
......#...........
......#.(.........


You could see Menkaure (fast), 3 adders and 2 giant cockroaches.

Vanquished Creatures
  A black bear (D:4)
  An orc priest (D:2)
  2 orc wizards (D:2)
  6 gnolls (D:4)
  2 adders
  4 orcs (D:2)
  2 ball pythons (D:2)
  9 bats
  8 endoplasms
  3 giant cockroaches
  8 goblins
  7 hobgoblins
  2 jackals (D:3)
  4 quokkas
  5 frilled lizards
  4 kobolds
  8 rats
76 creatures vanquished.

Notes
Turn   | Place    | Note
-------+----------+-------------------------------------------
     0 | D:1      | horus123 the Merfolk Gladiator began the quest for the Orb.
     0 | D:1      | Reached XP level 1. HP: 16/16 MP: 1/1
   157 | D:1      | Reached XP level 2. HP: 22/22 MP: 2/2
   224 | D:1      | Reached skill level 5 in Polearms
   718 | D:1      | Reached XP level 3. HP: 27/27 MP: 3/3
  1057 | D:2      | Identified the +0 mace of Disaster {freeze, rF+++ rN+ Str-2
                  | Stlth+}
  1332 | D:2      | Reached skill level 5 in Dodging
  1567 | D:2      | Reached XP level 4. HP: 29/33 MP: 4/4
  1692 | D:2      | Reached skill level 6 in Dodging
  1868 | D:2      | Reached skill level 1 in Armour
  1868 | D:2      | Reached XP level 5. HP: 24/38 MP: 5/5
  2454 | D:4      | Noticed a black bear
  2471 | D:4      | Killed a black bear
  2472 | D:4      | Reached XP level 6. HP: 44/44 MP: 6/6
  2490 | D:4      | Found a glowing drain.
  2628 | D:4      | Noticed Menkaure
  2654 | D:4      | Slain by Menkaure

Illustrated notes

Levels and vault maps discovered:
D:1:      saegor_arrival_fortress, layout_basic, serial_forest,
          infiniplex_forest_straight_4, infiniplex_forest_lined_1,
          infiniplex_forest_lined_room_2, infiniplex_forest_straight_4,
          infiniplex_forest_clump_tiny, chequers_serial_rivers_micro_b,
          st_stairs_8, amcnicky_mini_corridor_feature
D:2:      layout_rooms, supply_closet_lemuel
D:3:      layout_rooms
D:4:      layout_basic, cheibriados_altar_2,
          mainiacjoe_overflow_six_doors_small, gup_sewer_entry_glass,
          uniq_menkaure

Skill      XL: |  1  2  3  4  5  6 |
---------------+-------------------+-----
Polearms       | 5 |  5.3
Dodging        | 5 6 |  6.0
Armour         | 1 2 3 |  3.3
Fighting       | |  2.1
Throwing       | |  2.0

Action                     |  1- 3 |  4- 6 || total
---------------------------+-------+-------++-------
  Melee: Trident           |   108 |   179 ||   287
         Punch             |       |     1 ||     1
  Throw: Javelin           |     4 |     2 ||     6
         Throwing net      |     1 |     3 ||     4
    Use: Scroll            |     2 |       ||     2
         Potion            |       |     3 ||     3
   Stab: Sleeping          |     2 |       ||     2
         Held in net/web   |       |     1 ||     1
 Armour: Leather armour    |    19 |     5 ||    24
         Ring mail         |       |    48 ||    48
  Dodge: Dodged            |    59 |   151 ||   210

Table legend: (Time is in decaauts)
 A = Elapsed time spent in this place.
 B = Non-inter-level travel time spent in this place.
 C = Inter-level travel time spent in this place.
 D = Time resting spent in this place.
 E = Time spent auto-exploring this place.
 F = Levels seen in this place.
 G = Mean time per level.
                   A        B        C        D        E       F      G
               +--------+--------+--------+--------+--------+-----+--------+
         Total |   2667 |   2601 |     66 |    360 |   1523 |   4 |  666.8 |
       Dungeon |   2667 |   2601 |     66 |    360 |   1523 |   4 |  666.8 |
               +--------+--------+--------+--------+--------+-----+--------+

Top non-repeatable levels by time:
     D:1: 1023 daAuts
     D:2: 867 daAuts
     D:3: 570 daAuts
     D:4: 205 daAuts
